 Dungeon Crawl Stone Soup version 0.17.1-3-g152610e (webtiles) character file.

91 williamiamiam the Firebug (level 4, -2/34 HPs)
             Began as a Draconian Fire Elementalist on Mar 30, 2016.
             Engulfed by a cloud of steam (4 damage)
             ... on level 2 of the Dungeon.
             The game lasted 00:22:09 (1700 turns).

williamiamiam the Firebug (DrFE)                    Turns: 1700, Time: 00:22:10

Health: -2/34      AC:  6    Str: 10    XL:     4   Next: 33%
Magic:  1/8        EV: 12    Int: 16    God:
Gold:   99         SH:  0    Dex: 12    Spells: 1 memorised, 7 levels left

rFire  . . .     SeeInvis .     p - +0 spear (pierce)
rCold  . . .     Clarity  .     (armour unavailable)
rNeg   . . .     SustAt   .     (no shield)
rPois  .         Gourm    .     k - +1 hat
rElec  .         Spirit   .     (no cloak)
rCorr  .         Warding  .     (no gloves)
rMut   .         Stasis   +     (no boots)
MR     .....                    v - amulet of stasis
Stlth  ++........               (no ring)
                                r - ring of flight

@: not resistant to hostile enchantments, unstealthy
A: unfitting armour, cold-blooded, AC +5
a: Evoke Flight


You were on level 2 of the Dungeon.
You were not hungry.

You visited 1 branch of the dungeon, and saw 2 of its levels.

You collected 99 gold pieces.

Inventory:

Hand Weapons
 i - a +0 dagger
 p - a +0 spear of piercing (weapon)
Armour
 k - a +1 hat (worn)
Jewellery
 r - a ring of flight (left hand)
 v - an amulet of stasis (around neck)
Scrolls
 c - 3 scrolls of enchant weapon {unknown}
 d - a scroll of magic mapping {unknown}
 e - 2 scrolls of identify
 f - 2 scrolls of teleportation {unknown}
 g - a scroll of fear {unknown}
 n - a scroll of noise {unknown}
 o - a scroll of immolation {unknown}
 q - a scroll of remove curse {unknown}
 s - a scroll of fog {unknown}
 t - a scroll of amnesia {unknown}
 x - a scroll of recharging {unknown}
Potions
 b - a potion of haste {unknown}
 h - a potion of ambrosia {unknown}
 u - a potion of curing {unknown}
 w - a potion of degeneration {unknown}
Books
 a - a book of Flames

   Spells                             Type                      Level
   a - Flame Tongue                   Conjuration/Fire             1
   b - Throw Flame                    Conjuration/Fire             2
   c - Conjure Flame                  Conjuration/Fire             3
   d - Inner Flame                    Hexes/Fire                   3
   e - Sticky Flame                   Conjuration/Fire             4
   f - Fireball                       Conjuration/Fire             5
Comestibles
 j - a slice of pizza
 l - a meat ration
 m - 2 beef jerkies


   Skills:
 + Level 0.7 Fighting
 + Level 0.2 Polearms
 + Level 2.3 Dodging
 + Level 2.1 Stealth
 + Level 2.6 Spellcasting
 + Level 1.5 Conjurations
 + Level 3.8 Fire Magic


You had 7 spell levels left.
You knew the following spells:

 Your Spells              Type           Power        Failure   Level  Hunger
a - Flame Tongue          Conj/Fire      ##...        10%         1    #......


Dungeon Overview and Level Annotations

Branches:
Dungeon (2/15)

Altars:
Ru


Innate Abilities, Weirdness & Mutations

Your plain brown scales are hard (AC +5).
Your body does not fit into most forms of armour.
You are cold-blooded and may be slowed by cold attacks.


Message History

Moving in this stuff is going to be slow.
Terence bares his teeth.
Terence screams, "I'm going to kill you!"
Terence closely misses you. Terence hits you with a flail.
* * * LOW HITPOINT WARNING * * *
Casting: Flame Tongue
Confirm with . or Enter, or press ? or * to list all spells.
Aiming: Flame Tongue
Press: ? - help, Shift-Dir - straight line, f/p - Terence
Aim: Terence, wielding a flail and wearing a scale mail (almost dead)
The flame tongue hits Terence.
Terence appears unharmed.
Terence is almost dead.
Terence is engulfed in a cloud of scalding steam.
You kill Terence!
You hear a splash. x3
You have reached level 4!
You feel agile.
You are engulfed in a cloud of scalding steam.
You die...

#############
#...........##########
#..............#
#.#####.#.≈≈≈≈≈.≈≈≈≈.#
..........≈≈≈≈≈.≈≈≈≈.##
...####...≈≈≈≈≈.≈≈≈≈..#
...###....≈≈≈≈≈.≈≈≈≈..#
...........)....≈≈≈≈..#
.........@≈§≈≈........#
........§.≈≈≈≈.≈≈≈≈≈..#
%......§.§§§≈≈.≈≈≈≈≈..#
..........≈≈≈≈.≈≈≈≈≈..#
.<........≈≈≈≈.≈≈≈≈≈..#
#.#...................#
..#.......###.....#...#
#.##$#### ##.......##
.##. #.#######....##.#


There were no monsters in sight!

Vanquished Creatures
  Terence (D:2)
  2 adders (D:2)
  A worm (D:2)
  4 giant geckos
  4 giant cockroaches (D:1)
  2 hobgoblins
  4 jackals (D:2)
  6 bats
  A giant newt (D:1)
  5 goblins
  2 kobolds (D:1)
  2 quokkas (D:2)
  4 rats
38 creatures vanquished.

Notes
Turn   | Place    | Note
--------------------------------------------------------------
     0 | D:1      | williamiamiam the Draconian Fire Elementalist began the quest for the Orb.
     0 | D:1      | Reached XP level 1. HP: 14/14 MP: 3/3
   301 | D:1      | Reached XP level 2. HP: 20/20 MP: 1/5
  1100 | D:2      | Reached XP level 3. HP: 26/26 MP: 3/6
  1542 | D:2      | Found a sacrificial altar of Ru.
  1665 | D:2      | Noticed Terence
  1695 | D:2      | HP: 1/27 [Terence/flail (4)]
  1698 | D:2      | Killed Terence
  1698 | D:2      | Reached XP level 4. HP: 1/34 MP: 0/8
  1700 | D:2      | Engulfed by a cloud of steam

Action                   |  1- 3 |  4- 6 || total
-------------------------+-------+-------++-------
Melee: Dagger            |    17 |       ||    17
       Spear             |    44 |       ||    44
 Cast: Flame Tongue      |    62 |       ||    62
  Use: Scroll            |     3 |       ||     3
  Eat: Bread ration      |     1 |       ||     1
